 Dungeon Sprint DCSS version 0.18.0-1-g0107ab7 (webtiles) character file.

174 Groucho the Ducker (level 5, -1/42 HPs)
             Began as a Spriggan Enchanter on May 5, 2016.
             Slain by a necrophage (4 damage)
             ... in the Dungeon (Sprint II: "The Violet Keep of Menkaure").
             The game lasted 00:00:38 (31 turns).

Groucho the Ducker (Spriggan Enchanter)               Turns: 31, Time: 00:00:39

Health: -1/42      AC:  3    Str:  9    XL:     5   Next: 28%
Magic:  7/14       EV: 22    Int: 17    God:
Gold:   0          SH:  0    Dex: 17    Spells: 1 memorised, 15 levels left

rFire  . . .     SeeInvis +     a - +1 dagger
rCold  . . .     Gourm    .     b - +1 robe
rNeg   . . .     Faith    .     (shield restricted)
rPois  .         Spirit   .     (helmet restricted)
rElec  .         Dismiss  .     (no cloak)
rCorr  .         Reflect  .     (gloves unavailable)
SustAt .         Harm     .     (boots unavailable)
MR     .....     NoTele   +     (no amulet)
Stlth  ..........               (no ring)
                                (no ring)

@: berserking, very slightly contaminated, hasted, very quick, not resistant to
hostile enchantments, extremely unstealthy
A: unfitting armour, see invisible, herbivore 3, speed 3, slow metabolism 2
a: no special abilities


You were in the Dungeon.
You were not hungry.

You visited 1 branch

Inventory:

Hand Weapons
 a - a +1 dagger (weapon)
Armour
 b - a +1 robe (worn)
Scrolls
 j - a scroll of blinking
Potions
 e - a potion of curing
 f - a potion of heal wounds
 h - 2 potions of magic
Books
 c - a book of Maledictions

   Spells                             Type                      Level
   a - Corona                         Hexes                        1
   b - Ensorcelled Hibernation        Hexes/Ice                    2
   c - Confuse                        Hexes                        3
   d - Tukima's Dance                 Hexes                        3
   e - Dazzling Spray                 Conjuration/Hexes            3
Comestibles
 d - a bread ration


   Skills:
 * Level 3.5 Fighting
 * Level 5.1 Short Blades
 * Level 7.1 Dodging
 + Level 6.8 Stealth
 * Level 6.2 Spellcasting
 * Level 6.5 Hexes


You had 15 spell levels left.
You knew the following spells:

 Your Spells              Type           Power        Failure   Level  Hunger
a - Corona                Hex            ####...      1%          1    None


Dungeon Overview and Level Annotations

Branches:
Dungeon (1/1)

Altars:


Innate Abilities, Weirdness & Mutations

You are tiny and cannot use many weapons and most armour.
You have supernaturally acute eyesight.
You are a herbivore.
You cover ground extremely quickly.
You need consume almost no food.


Message History

You hit the necrophage.
The necrophage is almost destroyed.
The necrophage closely misses you.
You hit the necrophage.
The necrophage is almost destroyed.
You puncture the necrophage!
You destroy the necrophage!
Your Fighting skill increases to level 3!
Your Short Blades skill gained 2 levels and is now at level 5!
Your Dodging skill gained 2 levels and is now at level 7!
Your Spellcasting skill increases to level 6!
Your Hexes skill increases to level 6!
You have reached level 5!
You feel agile.
You hit the necrophage.
The necrophage is lightly damaged.
You hit the necrophage.
The necrophage is moderately damaged.
The necrophage hits you.
You die...

## ## ##. .##
.m#.. # .$.
#w #+# #
#.##.###a.#
#+.<.+$#
#.w.##@###a.#
##w #n# # #
.n. ..#.. ##.
.## ## ##


You could see 2 necrophages.

Vanquished Creatures
  2 necrophages (D)
2 creatures vanquished.

Notes
Turn   | Place    | Note
--------------------------------------------------------------
     0 | D        | Groucho the Spriggan Enchanter began the quest for the Orb.
     0 | D        | Reached XP level 1. HP: 9/9 MP: 5/5
     5 | D        | Noticed a worker ant
     5 | D        | Noticed a worker ant
     9 | D        | Noticed a siren
    13 | D        | Noticed a necrophage
    13 | D        | Noticed a necrophage
    13 | D        | Noticed a necrophage
    13 | D        | Noticed a necrophage
    24 | D        | Killed a necrophage
    24 | D        | Reached skill level 5 in Dodging
    24 | D        | Reached skill level 5 in Spellcasting
    24 | D        | Reached skill level 5 in Hexes
    24 | D        | Reached XP level 2. HP: 6/16 MP: 6/9
    24 | D        | Reached XP level 3. HP: 7/19 MP: 6/10
    24 | D        | Reached XP level 4. HP: 9/23 MP: 7/12
    29 | D        | Killed a necrophage
    29 | D        | Reached skill level 5 in Short Blades
    29 | D        | Reached skill level 7 in Dodging
    29 | D        | Reached XP level 5. HP: 3/28 MP: 7/14
    31 | D        | Slain by a necrophage

Skill      XL: |  1  2  3  4 |
---------------+-------------+-----
Fighting       | 2 3 |  3.5
Short Blades   | 3 5 |  5.1
Dodging        | 5 7 |  7.1
Stealth        | 6 |  6.8
Spellcasting   | 5 6 |  6.2
Hexes          | 5 6 |  6.5

Action                   |  1- 3 |  4- 6 || total
-------------------------+-------+-------++-------
Melee: Dagger            |     8 |     7 ||    15
  Use: Potion            |     2 |       ||     2
Dodge: Dodged            |     4 |     1 ||     5
